 Dungeon Crawl Stone Soup version 0.31-a0-252-gc4385922b5 (webtiles) character file.

Game seed: 208816885567300191

27 qw the Shooter (level 2, -1/24 HPs)
             Began as a Minotaur Hexslinger on July 12, 2023.
             Slain by a hobgoblin (4 damage)
             ... on level 1 of the Dungeon.
             The game lasted 00:00:11 (423 turns).

qw the Shooter (Minotaur Hexslinger)                 Turns: 423, Time: 00:00:12

Health: -1/24      AC:  2    Str: 12    XL:     2   Next: 93%
Magic:  2/2        EV: 12    Int: 10    God:
Gold:   35         SH:  0    Dex: 12    Spells: 2/3 levels left

rFire   . . .        a - +1 sling
rCold   . . .        (no shield)
rNeg    . . .        c - +0 robe
rPois   .            (helmet restricted)
rElec   .            (no cloak)
rCorr   .            (no gloves)
SInv    .            (no boots)
Will    .....        (no amulet)
Stlth   +            (no ring)
HPRegen 0.24/turn    (no ring)
MPRegen 0.08/turn

%: no passive effects
@: no status effects
A: horns 2, retaliatory headbutt
a: no special abilities


You were on level 1 of the Dungeon.
You visited 1 branch of the dungeon, and saw 1 of its levels.

You collected 35 gold pieces.


Innate Abilities, Weirdness & Mutations

You have a pair of horns on your head.
You reflexively headbutt those who attack you in melee.


   Skills:
 - Level 2.0 Fighting
 + Level 3.5 Ranged Weapons
 - Level 2.1 Dodging
 - Level 1.0 Spellcasting
 - Level 2.0 Hexes


You had 2 spell levels left.
You knew the following spells:

 Your Spells              Type           Power      Damage    Failure   Level
a - Slow                  Hex            16%        N/A       16%         1

Your spell library contained the following spells:

 Spells                   Type           Power      Damage    Failure   Level
 Inner Flame              Hex/Fire       2%         N/A       56%         3
 Portal Projectile        Hex/Tloc       4%         N/A       56%         3
 Cause Fear               Hex            2%         N/A       83%         4

Inventory:

Hand Weapons
 a - a +1 sling (weapon)
Armour
 c - a +0 robe (worn)
 d - a +0 ring mail
Jewellery
 h - a +6 ring of intelligence
Scrolls
 b - a scroll of poison
 f - a scroll of brand weapon {unknown}
Potions
 e - 2 potions of lignification {unknown}
 g - a potion of attraction {unknown}

Dungeon Overview and Level Annotations

Branches:
Dungeon (1/15)

Altars:


Message History

You shoot a sling bullet.
The sling bullet barely misses the quokka.
A hobgoblin comes into view.
A kobold comes into view. It is wielding a +0 short sword.
You shoot a sling bullet.
The sling bullet barely misses the kobold.
The kobold shouts!
You shoot a sling bullet.
The sling bullet closely misses the goblin.
You shoot a sling bullet.
The sling bullet barely misses the goblin.
An endoplasm comes into view.
The kobold closely misses you. The goblin closely misses you.
You shoot a sling bullet. The endoplasm quivers.
The sling bullet hits the goblin.
The goblin is almost dead.
The goblin hits you but does no damage. The kobold misses you.
The goblin hits you with a +0 dagger.
The kobold hits you with a +0 short sword.
You shoot a sling bullet. The sling bullet hits the goblin.
You kill the goblin!
The kobold hits you with a +0 short sword.
The quokka bites you but does no damage.
You shoot a sling bullet.
The sling bullet barely misses the quokka.
The kobold completely misses you. You furiously retaliate!
You headbutt the kobold!
You kill the kobold!
The quokka bites you.
You shoot a sling bullet. The sling bullet hits the quokka!
You kill the quokka!
You shoot a sling bullet.
The sling bullet closely misses the hobgoblin.
The kobold closely misses you. The hobgoblin hits you. x2
The kobold hits you with a +0 short sword.
You shoot a sling bullet. The sling bullet hits the hobgoblin.
The hobgoblin is severely wounded.
The kobold closely misses you. The hobgoblin hits you.
You die...

.# .# .### ... .. .
.###...
##########g......
#####........@KJ.....
#.....###############
#.###........#
##.###.######.#
###...##.######.
.......%........
###...##.#######
####.###.# ....>##...


You could see an endoplasm, a hobgoblin and a kobold.

Vanquished Creatures
  A dart slug (D:1)
  3 ball pythons (D:1)
  3 goblins (D:1)
  A hobgoblin (D:1)
  3 jackals (D:1)
  4 kobolds (D:1)
  3 quokkas (D:1)
  2 bats (D:1)
  A rat (D:1)
21 creatures vanquished.

Notes
Turn   | Place    | Note
-------+----------+-------------------------------------------
     0 | D:1      | qw the Minotaur Hexslinger began the quest for the Orb.
     0 | D:1      | Reached XP level 1. HP: 16/16 MP: 1/1
     0 | D:1      | 0 ||| qw: Version: 0.3-a-52-g30416fa
     0 | D:1      | 0 ||| qw: Game counter: 6605
     0 | D:1      | 0 ||| qw: Melee chars always use a shield: true
     0 | D:1      | 0 ||| qw: God list: Okawaru
     0 | D:1      | 0 ||| qw: Allow faded altars: false
     0 | D:1      | 0 ||| qw: Do Orc after clearing Dungeon:15 true
     0 | D:1      | 0 ||| qw: Do second Lair branch before Depths: true
     0 | D:1      | 0 ||| qw: Lair rune preference: random
     0 | D:1      | 0 ||| qw: Goals: Normal
     0 | D:1      | 0 ||| PLANNING D:1-11
   116 | D:1      | 116 ||| FLEEEEING.
   119 | D:1      | Reached skill level 3 in Ranged Weapons
   119 | D:1      | Reached XP level 2. HP: 21/23 MP: 2/2
   422 | D:1      | HP: 6/24 [hobgoblin (3)]
   423 | D:1      | Slain by a hobgoblin

Levels and vault maps discovered:
D:1:      dpeg_arrival_windows_large_door, layout_loops_ring

Skill      XL: |  1  2 |
---------------+-------+-----
Ranged Weapons | 3 |  3.5
Fighting       | 2 |  2.0
Dodging        | |  2.1
Spellcasting   | |  1.0
Hexes          | |  2.0

Action                     || total
---------------------------++-------
   Fire: Sling             ||    57
 Armour: Robe              ||     6
  Dodge: Dodged            ||    24

Table legend:
 A = Non-vault XP
 B = Vault XP
 C = Vault XP percentage of total XP
 D = Non-vault monster count
 E = Vault monster count
 F = Vault count percentage of total count
                 A         B        C        D         E       F
            +---------+---------+-------+---------+---------+-------
      Total |      39 |       0 |   0.0 |      21 |       0 |   0.0
            +---------+---------+-------+---------+---------+-------
        D:1 |      39 |       0 |   0.0 |      21 |       0 |   0.0
            +---------+---------+-------+---------+---------+-------
